 Dungeon Crawl Stone Soup version 0.28.0 (webtiles) character file.

Game seed: 9132515313061053480

30 snetch the Magician (level 3, -8/25 HPs)
             Began as a Djinni Fire Elementalist on Feb 17, 2022.
             Mangled by Sigmund (12 damage)
             ... on level 3 of the Dungeon.
             The game lasted 00:03:11 (1486 turns).

snetch the Magician (Djinni Fire Elementalist)      Turns: 1486, Time: 00:03:12

Health: -8/25      AC:  4    Str:  7    XL:     3   Next: 37%
Gold:   56         EV: 11    Int: 18    God:
                   SH:  0    Dex: 13

rFire   + + .      SeeInvis .   a - +1 flail (protect)
rCold   x . .      Faith    .   (no shield)
rNeg    . . .      Spirit   .   i - +0 leather armour
rPois   ∞          Reflect  .   h - +1 hat
rElec   .          Harm     .   (no cloak)
rCorr   .          Rampage  .   (no gloves)
Will    .....                   (boots unavailable)
Stlth   ++........              (no amulet)
HPRegen 0.08/turn               (no ring)
MPRegen 0.00/turn               (no ring)

@: flying, very slightly contaminated
A: sickness immunity, fire resistance 2, cold vulnerability 1, float, innate
caster, HP casting, extra vitality 1
a: no special abilities


You were on level 3 of the Dungeon.
You visited 1 branch of the dungeon, and saw 3 of its levels.

You collected 56 gold pieces.

Inventory:

Hand Weapons
 a - a +1 flail of protection (weapon)
Missiles
 b - 3 poisoned darts
 f - 37 stones
Armour
 h - a +1 hat (worn)
 i - a +0 leather armour (worn)
Scrolls
 d - a scroll of enchant weapon {unknown}
 g - a scroll of teleportation {unknown}
Potions
 e - a potion of might {unknown}


   Skills:
 + Level 2.5 Dodging
 + Level 1.7 Stealth
 + Level 3.1 Spellcasting


You couldn't memorise any spells.
You knew the following spells:

 Your Spells              Type           Power      Damage    Failure   Level
a - Foxfire               Conj/Fire      56%        2x1d6     7%          1
b - Scorch                Fire           28%        2d6       10%         2
c - Conjure Flame         Conj/Fire      14%        6-21      21%         3
d - Inner Flame           Hex/Fire       14%        N/A       21%         3
e - Flame Wave            Conj/Fire      14%        2d6       54%         4
f - Beastly Appendage     Tmut           28%        N/A       7%          1
Your spell library was empty.

Dungeon Overview and Level Annotations

Branches:
Dungeon (3/15)

Altars:

Annotations:
D:3 Sigmund


Innate Abilities, Weirdness & Mutations

You are immune to sickness and miasma.
You are immune to poison.
Your flesh is very heat resistant. (rF++)
You are vulnerable to cold. (rC-)
You float through the air rather than walking.
You learn spells naturally, not from books.
Your magical power is your life essence.
You have superior vitality. (+4 MHP)


Message History

Nothing appears to happen.
Sigmund laughs darkly.
Sigmund gestures at you while chanting.
You are confused.
You bump into the rock wall.
Sigmund casts a spell at you. The puff of flame hits you. You resist.
You bump into the rock wall.
Sigmund casts a spell at you. The puff of flame hits you. You resist.
Found 6 gold pieces.
You bump into the rock wall.
You feel less confused.
Sigmund is no longer more vulnerable to fire.
Sigmund misses you.
Casting: Scorch (safe; 10% risk of failure)
Confirm with . or Enter, or press ? or * to list all spells.
Flames lash the hobgoblin.
You kill the hobgoblin!
Sigmund hits you but does no damage.
Casting: Scorch (safe; 10% risk of failure)
Confirm with . or Enter, or press ? or * to list all spells.
Flames lash Sigmund.
Sigmund is heavily wounded.
Sigmund's fire resistance burns away.
Your magical contamination has completely faded away.
Casting: Scorch (safe; 10% risk of failure)
Confirm with . or Enter, or press ? or * to list all spells.
You miscast Scorch.
You are very lightly contaminated with residual magic.
Nothing appears to happen.
* * * LOW HITPOINT WARNING * * *
Sigmund barely misses you.
Casting: Scorch (safe; 10% risk of failure)
Confirm with . or Enter, or press ? or * to list all spells.
Flames lash Sigmund.
Sigmund is burned terribly!
Sigmund is severely wounded.
* * * LOW HITPOINT WARNING * * *
Sigmund hits you from afar with a +0 scythe of pain!
You die...

.$.....#
......# .....#
....# ...# ..#
###.# # ##..@#
... ###..#.#
.....#...##@#
.........g..†#
......########
...... .....
..... ....


You could see Sigmund (combustible).

Vanquished Creatures
  A dart slug (D:1)
  A ball python (D:1)
  5 bats
  5 endoplasms (D:1)
  2 goblins (D:1)
  2 hobgoblins
  3 jackals (D:1)
  A quokka (D:1)
  A frilled lizard (D:1)
  A kobold (D:3)
  4 rats (D:1)
26 creatures vanquished.

Vanquished Creatures (collateral kills)
  A foxfire (D:1)
1 creature vanquished.

Vanquished Creatures (others)
  43 foxfires
43 creatures vanquished.

Grand Total: 70 creatures vanquished

Notes
Turn   | Place    | Note
-------+----------+-------------------------------------------
     0 | D:1      | snetch the Djinni Fire Elementalist began the quest for the
                  | Orb.
     0 | D:1      | Reached XP level 1. HP: 15/15 MP: 0/0
   257 | D:1      | Reached XP level 2. HP: 19/21 MP: 0/0
  1017 | D:1      | Reached skill level 3 in Spellcasting
  1064 | D:1      | Reached XP level 3. HP: 24/25 MP: 0/0
  1064 | D:1      | Learned a level 1 spell: Beastly Appendage
  1468 | D:3      | Noticed Sigmund
  1486 | D:3      | Mangled by Sigmund

Illustrated notes

Levels and vault maps discovered:
D:1:      tarquinn_simple_flora_water_e, layout_basic
D:2:      layout_basic, basic_altar, chequers_ecumenical_altar_simple_redux,
          minmay_large_rounded_square, minmay_goblin_kobold_house
D:3:      layout_rooms, uniq_crazy_yiuf_cottage, uniq_sigmund

Skill      XL: |  1  2 |
---------------+-------+-----
Spellcasting   | 3 |  3.1
Dodging        | |  2.5
Stealth        | |  1.7

Action                   || total
-------------------------++-------
Melee: Flail             ||    33
       Headbutt          ||     1
       Punch             ||     1
 Cast: Foxfire           ||    27
       Scorch            ||     7
       Beastly Appendage ||     1
 Stab: Sleeping          ||     2
Armor: Robe              ||     7
       Leather armour    ||    10
Dodge: Dodged            ||    35
